AoeStats
← Haydar-ı Kerrar

African Clearing

505478478Analyzed
2v2 RM · 23d ago on Sep 9, 2026· 43m 8s· 4 players
Game mode
Random Map
Map size
Medium (4 player)
Population
200
Speed
Normal
Resources
Standard
Victory
Conquest
Starting age
Dark Age
Ending age
Imperial Age
RankedLock teamsTeams togetherTeam positionsShared explorationLock speedFull tech treeHidden civsTurbo modeCheats
Victory
Defeat
🇮🇳 Hindustanis · India
1082
+17
🇰🇿 Bengalis · Kazakhstan
1063
+17
🇹🇷 Huns · Türkiye
1105
-17
🇹🇷 Cumans · Türkiye
1084
-17
nurlan-c
3:11 Loom
14:03 Feudal Age
15:19 Wheelbarrow
17:56 Castle Age
16:10 Double-Bit Axe
16:46 Gold Mining
19:39 Fervor
19:35 Town Watch
21:47 Gold Shaft Mining
22:06 Sanctity
23:04 Redemption
25:13 Hand Cart
37:52 Horse Collar
41:01 Bow Saw
42:38 Town Patrol
Rotten_Potato
11:26 Loom
13:25 Feudal Age
18:10 Castle Age
17:53 Wheelbarrow
17:39 Double-Bit Axe
23:58 Horse Collar
25:19 Scale Mail Armor
31:28 Bloodlines
36:42 Imperial Age
37:30 Chain Mail Armor
37:26 Forging
39:46 Heavy Camel Rider
40:27 Husbandry
Haydar-ı Kerrar
13:38 Feudal Age
18:43 Castle Age
18:32 Scale Mail Armor
18:59 Forging
21:27 Husbandry
21:34 Scale Barding Armor
26:05 Bloodlines
m.muratk
11:40 Loom
15:00 Feudal Age
17:03 Double-Bit Axe
22:41 Castle Age
23:04 Wheelbarrow
22:58 Forging
23:05 Bloodlines
25:12 Bow Saw
25:27 Horse Collar
26:14 Town Watch
28:42 Iron Casting
29:51 Light Cavalry
34:31 Fletching
Connection lost

Rejoining the realm…

Still unreachable

The connection could not be restored.

Session expired

The server has moved on; the page needs a fresh start.